Kradschützen Motorcycle Team
Kradschützen Motorcycle Team
Selects Armored Support Battlegroup
Selects Armored Support Battlegroup
Construct Light Support Kompanie
Selects Superior Fire Drills
Panzerjäger Mechanized Group
Construct Mechanized Kompanie
Selects Flammpanzer III Medium Tank
254 Reconnaissance Tractor
Panzerjäger Mechanized Group
Selects Command Panzer IV F Medium Tank
Construct Panzerarmee Kommand